 Dungeon Crawl Stone Soup version bcrawl-1.12-10-g10a67aac0f (webtiles) character file.

Game seed: 14151343668499408940

91 MisterOstroum the Bolt Thrower (level 4, 0/34 HPs)
             Began as a Formicid Archaeologist on June 16, 2019.
             Slain by an orc
             ... wielding a +0 falchion
              (5 damage)
             ... on level 3 of the Dungeon.
             The game lasted 00:07:04 (3183 turns).

MisterOstroum the Bolt Thrower (FoAc)               Turns: 3183, Time: 00:07:05

Health: 0/34       AC: 12    Str: 16      XL:     4   Next: 88%
Magic:  4/4        EV:  7    Int: 13 (14) God:
Gold:   184        SH:  0    Dex:  8 (9)  Spells: 3/3 levels left

rFire    . . .     SeeInvis +   t - +0 flail
rCold    . . .     Gourm    .   (no shield)
rNeg     . . .     Faith    .   u - +0 chain mail
rPois    .         Spirit   .   (helmet unavailable)
rElec    .         Reflect  .   (no cloak)
rCorr    .         Harm     .   c - +1 pair of gloves
MR       .....                  b - +1 pair of boots
Stlth    ..........             (no amulet)
HPRegen  0.11/turn              (no ring)
MPRegen  0.09/turn              (no ring)

@: studying Crossbows
A: permanent stasis, dig shafts and tunnels, four strong arms, antennae 3
a: Dig, Shaft Self


You were on level 3 of the Dungeon.
You were not hungry.

You visited 1 branch of the dungeon, and saw 3 of its levels.

You collected 184 gold pieces.

Inventory:

Hand Weapons
 l - a +0 mace
 t - a +0 flail (weapon)
Missiles
 o - 588 stones
 p - 123 javelins (quivered)
Armour
 a - a +1 robe
 b - a +1 pair of boots (worn)
 c - a +1 pair of gloves (worn)
 u - a +0 chain mail (worn)
Wands
 h - a wand of polymorph (8)
Scrolls
 g - 2 scrolls of amnesia {unknown}
 i - a scroll of remove curse {unknown}
 j - a scroll of noise {unknown}
 m - 3 scrolls of identify {unknown}
 r - a scroll of enchant armour {unknown}
 s - a scroll of immolation {unknown}
 w - a scroll of enchant weapon {unknown}
 x - a scroll of magic mapping {unknown}
Potions
 k - 2 potions of magic {unknown}
 n - a potion of might {unknown}
 q - a potion of resistance {unknown}
Books
 d - a manual of Crossbows
Miscellaneous
 f - an ancient crate
Comestibles
 e - 5 rations {!d}
 v - a chunk of flesh


   Skills:
 - Level 2.4 Fighting
 - Level 1.3 Maces & Flails
 + Level 4.5 Crossbows
 - Level 2.6 Dodging
 - Level 4.0 Stealth


You had 3 spell levels left.
You didn't know any spells.
Your spell library was empty.

Dungeon Overview and Level Annotations

Branches:
Dungeon (3/12)

Altars:
Yredelemnul
Zin

Annotations:
D:2 1 runed door, exclusion: door, Terence
D:3 Grinder


Innate Abilities, Weirdness & Mutations

You cannot be hasted, slowed, berserked, paralysed or teleported.
You can dig through walls and to a lower floor.
Your four strong arms can wield two-handed weapons with a shield.
You have a pair of large antennae on your head. (SInv)


Message History

Aim: an adder You throw a javelin.
The javelin barely misses the adder.
You closely miss the adder.
The adder bites you but does no damage. x2
You barely miss the adder.
The adder bites you but does no damage. x2
You closely miss the adder. The adder bites you but does no damage.
The adder barely misses you.
You hit the adder.
The adder is moderately wounded.
The adder bites you but does no damage.
You closely miss the adder.
The adder is moderately wounded.
The adder bites you but does no damage. The adder bites you.
You miss the adder.
The adder is moderately wounded.
The adder bites you but does no damage. The adder closely misses you.
Your chain mail prevents you from hitting the adder.
The adder is moderately wounded.
The adder bites you but does no damage. The adder completely misses you.
You closely miss the adder.
The adder is moderately wounded.
The adder bites you but does no damage.
You barely miss the adder.
The adder is moderately wounded.
The adder closely misses you. x2
You miss the adder.
The adder is moderately wounded.
The adder bites you but does no damage. x2
You miss the adder.
The adder is moderately wounded.
The adder closely misses you.
You hit the adder but do no damage.
The adder is moderately wounded.
The adder bites you but does no damage. x2
Your chain mail prevents you from hitting the adder.
The adder is moderately wounded.
The adder bites you but does no damage. x2
You barely miss the adder.
The adder is moderately wounded.
The adder completely misses you.
You completely miss the adder.
The adder is moderately wounded.
The adder barely misses you. x2
You sock the adder!
You kill the adder!
You open the door.
A hobgoblin comes into view. It is wielding a +0 club.
The hobgoblin shouts!
Your chain mail prevents you from hitting the hobgoblin.
The hobgoblin closely misses you.
You closely miss the hobgoblin.
The hobgoblin hits you but does no damage.
You hit the hobgoblin.
You kill the hobgoblin!
You feel your strength returning.
There is an open door here.
You see here a +0 club.
You open the door.
There is an open door here.
Found 17 gold pieces.
You now have 184 gold pieces (gained 17).
The ogre shouts!
You hear a shout!
There is an open door here.
An orc comes into view. It is wielding a +0 dagger.
The orc shouts!
The orc shouts!
You hear a shout!
There is an open door here.
You see here a +0 club.
Grinder comes into view.
Grinder says, "Don't move a muscle."
The orc hits you but does no damage.
Grinder blinks!
The ogre barely misses you. Grinder gestures at you.
Pain shoots through your body!
Evoke which item? (* to show all) (? for menu, Esc to quit)
Aiming: Polymorph
Press: ? - help, Shift-Dir - straight line, f - Grinder
Aim: Grinder (chance to defeat MR: 46%) Grinder resists with some effort.
The orc hits you with a +0 dagger.
The ogre hits you with a +0 giant club!!
Ouch! That really hurt!
* * * LOW HITPOINT WARNING * * *
Grinder gestures at you.
You barely resist. Grinder gestures at you.
Your stasis prevents you from being paralysed.
There is an open door here.
An orc comes into view. It is wielding a +0 falchion.
The orc shouts!
The orc hits you but does no damage.
You extend your mandibles.
Unknown command.
Unknown command.
Are you sure you want to shaft yourself? [Y]es or [N]o only, please.
Are you sure you want to shaft yourself?
You feel somewhat more hungry. The orc hits you but does no damage.
You begin to dig a shaft.
You continue digging a shaft.
The orc hits you with a +0 falchion.
You die...

.............#
#.######..........
.............# #.#
#....o.#### .............#
#.# ####....#
.............# #.# #..#{#
.............# #.# #.{{...
.............# #รท#
##o....# ...........o{# #.#
....## ##########...# #o#
{{ ...... #...# #@# {
.##### ##'## #o# .#
#.####5## #.{.{O..# # #
#.......# ###.#.#
###########.......##......#
...................#......#
..................#.......#
...........).......#......#


You could see Grinder, an ogre and 2 orcs.

Vanquished Creatures
  4 adders
  3 leopard geckos
  4 orcs (D:3)
  A ball python (D:1)
  5 bats
  5 goblins
  8 hobgoblins
  4 jackals (D:2)
  5 kobolds
  A quokka (D:2)
  2 frilled lizards
  4 rats (D:1)
46 creatures vanquished.

Notes
Turn   | Place    | Note
-------+----------+-------------------------------------------
     0 | D:1      | MisterOstroum the Formicid Archaeologist began the quest
                  | for the Orb.
     0 | D:1      | Reached XP level 1. HP: 15/15 MP: 1/1
   425 | D:1      | Reached XP level 2. HP: 16/22 MP: 2/2
   682 | D:1      | Reached skill level 1 in Maces & Flails
   888 | D:2      | Noticed Terence
   920 | D:2      | Reached XP level 3. HP: 28/28 MP: 3/3
   954 | D:2      | Found a runed door.
  1370 | D:2      | Reached skill level 1 in Crossbows
  1716 | D:2      | Found a basalt altar of Yredelemnul.
  2202 | D:3      | Reached XP level 4. HP: 23/34 MP: 4/4
  2399 | D:3      | Noticed an ogre
  2957 | D:3      | Noticed an angel
  2958 | D:3      | Found a glowing silver altar of Zin.
  3161 | D:3      | Noticed Grinder
  3183 | D:3      | Slain by an orc

Skill      XL: |  1  2  3  4 |
---------------+-------------+-----
Fighting       | 2 |  2.4
Maces & Flails | 1 |  1.3
Crossbows      | 3 4 |  4.5
Dodging        | |  2.6
Stealth        | |  4.0

Action                   |  1- 3 |  4- 6 || total
-------------------------+-------+-------++-------
Melee: Whip              |   114 |       ||   114
       Unarmed           |     6 |       ||     6
       Mace              |    46 |    43 ||    89
       Flail             |       |    66 ||    66
Throw: Stone             |    10 |       ||    10
       Javelin           |       |     7 ||     7
 Abil: Dig               |     1 |     2 ||     3
       Shaft Self        |       |     1 ||     1
Evoke: Wand              |       |     1 ||     1
  Use: Potion            |     2 |       ||     2
 Stab: Sleeping          |     8 |       ||     8
  Eat: Chunk             |     4 |     4 ||     8
Armor: Robe              |    73 |    10 ||    83
       Chain mail        |       |    51 ||    51
Dodge: Dodged            |   128 |    62 ||   190
